 Dungeon Crawl Stone Soup version 0.28-a0-1199-gef9e1dbd39 (webtiles) character file.

Game seed: 16228434442974293447

732 jtrev the Basher (level 7, -12/41 HPs)
             Began as a Gargoyle Berserker on Dec 19, 2021.
             Was a Believer of Trog.
             Mangled by a wight (14 damage)
             ... on level 5 of the Dungeon.
             The game lasted 00:09:55 (5299 turns).

jtrev the Basher (Gargoyle Berserker)               Turns: 5299, Time: 00:09:56

Health: -12/41     AC: 15    Str: 22    XL:     7   Next: 73%
Magic:  7/7        EV: 11    Int:  8    God:    Trog [**....]
Gold:   206        SH:  0    Dex:  9    Spells: 6/6 levels left

rFire   + . .      SeeInvis .   r - +2 mace (protect)
rCold   . . .      Faith    .   (no shield)
rNeg    + . .      Spirit   .   q - +0 leather armour
rPois   ∞          Reflect  .   (no helmet)
rElec   +          Harm     .   (no cloak)
rCorr   .          Rampage  .   (no gloves)
Will    +....                   (no boots)
Stlth   +.........              (no amulet)
HPRegen 0.13/turn               h - ring of willpower
MPRegen 0.10/turn               i - ring of protection from fire

@: under a protective aura, on berserk cooldown, slowed, very slow
A: sickness immunity, AC +4, negative energy resistance 1, electricity
resistance, torment resistance 1, petrification resistance
a: Renounce Religion, Berserk, Trog's Hand


You were on level 5 of the Dungeon.
You worshipped Trog.
Trog was pleased with you.
You visited 1 branch of the dungeon, and saw 5 of its levels.

You collected 206 gold pieces.

Inventory:

Hand Weapons
 r - a +2 mace of protection (weapon)
   (You found it on level 2 of the Dungeon)
Armour
 p - a +0 chain mail
   (You found it on level 2 of the Dungeon)
 q - a +0 leather armour (worn)
   (You found it on level 2 of the Dungeon)
Jewellery
 h - a ring of willpower (left hand)
   (You found it on level 1 of the Dungeon)
 i - a ring of protection from fire (right hand)
   (You found it on level 4 of the Dungeon)
Wands
 u - a wand of paralysis (10)
   (You found it on level 4 of the Dungeon)
Scrolls
 b - a scroll of noise {unknown}
 c - a scroll of fear {unknown}
 d - 4 scrolls of identify {unknown}
 e - a scroll of teleportation {unknown}
 f - 2 scrolls of blinking {unknown}
 j - a scroll of holy word {unknown}
 k - 2 scrolls of amnesia {unknown}
 o - 2 scrolls of immolation {!r}
 s - 2 scrolls of enchant armour {unknown}
Potions
 a - a potion of degeneration {unknown}
 g - 2 potions of flight {unknown}
 l - 2 potions of heal wounds {unknown}
 m - a potion of resistance
 n - a potion of brilliance {unknown}


   Skills:
 - Level 3.2 Fighting
 + Level 8.9 Maces & Flails
 - Level 2.1 Armour
 - Level 1.5 Dodging


You had 6 spell levels left.
You didn't know any spells.
Your spell library was empty.

Dungeon Overview and Level Annotations

Branches:
Dungeon (5/15)
 Temple: D:4-7

Altars:


Innate Abilities, Weirdness & Mutations

You are immune to sickness and miasma.
Your stone body is resilient. (AC +4)
You are immune to poison.
You resist negative energy. (rN+)
You are resistant to electric shocks. (rElec)
You are resistant to unholy torment.
You are immune to petrification.


Message History

The wight hits you but does no damage.
You hit the wight.
Your weapon exudes an aura of protection.
The wight hits you with a +2 spear.
You hit the wight. You thump the wight!
You destroy the wight!
Trog accepts your kill.
You closely miss the wight. The wight hits you but does no damage.
You closely miss the wight. The wight hits you with a +0 scimitar!
* * * LOW HITPOINT WARNING * * *
You hit the wight.
Unknown command.
You barely miss the wight.
Unknown command.
A wight comes into view. It is wielding a +0 halberd.
The wight hits you with a +2 long sword.
* * * LOW HITPOINT WARNING * * *
Things that are here:
a +2 spear; a +0 robe You barely miss the wight.
The wight barely misses you. The wight hits you with a +5 falchion.
* * * LOW HITPOINT WARNING * * *
The wight hits you with a +2 long sword.
* * * LOW HITPOINT WARNING * * *
You thump the wight!
You destroy the wight!
Trog accepts your kill. The wight hits you but does no damage.
Unknown command.
You thump the wight!
The wight hits you with a +2 long sword.
* * * LOW HITPOINT WARNING * * *
You closely miss the wight. The wight hits you with a +0 scimitar!
* * * LOW HITPOINT WARNING * * *
You closely miss the wight. The wight barely misses you.
The wight hits you with a +0 scimitar.
* * * LOW HITPOINT WARNING * * *
You hit the wight.
You destroy the wight!
Trog accepts your kill.
The wight hits you with a +2 long sword.
* * * LOW HITPOINT WARNING * * *
You thump the wight!
You are no longer berserk.
You are exhausted.
You feel yourself slow down.
You hit the wight. The wight hits you but does no damage.
The wight hits you from afar with a +0 halberd!
You die...

# ..##.###### #
#.#.......# .#
.##.........####<####
.......# #..#.......#
#.....# #.......#
##....###..#.#####.###
...........#..@)z....#
##........#.)#z#?....
#.....####...... ..#
#.....# ##.....# #
##...## #..##.# #...#
#... .# #...# #.... #
#...# ##.##
######...#######.


You could see 2 wights.

Vanquished Creatures
  A sky beast (D:3)
  A scorpion (D:4)
  A gnoll sergeant (D:5)
  A water moccasin skeleton (D:5)
  3 wights (D:5)
  2 hounds
  An iguana (D:4)
  An orc wizard (D:4)
  5 gnolls (D:5)
  11 adders
  2 worms (D:3)
  4 dart slugs
  6 orcs
  5 ball pythons
  2 bats
  7 endoplasms
  A giant cockroach (D:1)
  5 hobgoblins
  8 jackals
  10 kobolds
  2 quokkas
  5 frilled lizards
  9 goblins
  A rat (D:1)
94 creatures vanquished.

Notes
Turn   | Place    | Note
-------+----------+-------------------------------------------
     0 | D:1      | jtrev the Gargoyle Berserker began the quest for the Orb.
     0 | D:1      | Reached XP level 1. HP: 14/14 MP: 1/1
   329 | D:1      | Reached XP level 2. HP: 15/19 MP: 2/2
   515 | D:1      | Reached skill level 4 in Maces & Flails
   720 | D:1      | Reached XP level 3. HP: 19/23 MP: 3/3
  1442 | D:1      | Reached XP level 4. HP: 25/28 MP: 4/4
  1698 | D:2      | Reached skill level 5 in Maces & Flails
  2481 | D:2      | Reached ** piety under Trog
  2931 | D:3      | Noticed a sky beast
  2951 | D:3      | Killed a sky beast
  2952 | D:3      | Reached skill level 6 in Maces & Flails
  2952 | D:3      | Reached XP level 5. HP: 32/32 MP: 5/5
  3364 | D:3      | Reached XP level 6. HP: 35/37 MP: 6/6
  3373 | D:3      | Found a faded altar of an unknown god.
  3544 | D:3      | Found a glowing drain.
  4122 | D:4      | Reached skill level 7 in Maces & Flails
  4966 | D:5      | Entered Level 5 of the Dungeon
  4976 | D:5      | Reached XP level 7. HP: 33/41 MP: 7/7
  5067 | D:5      | Reached skill level 8 in Maces & Flails
  5297 | D:5      | HP: 2/61 [wight (2)]
  5299 | D:5      | Mangled by a wight

Illustrated notes

Levels and vault maps discovered:
D:1:      nicolae_arrival_somewhat_less_tricky_arrival, layout_basic
D:2:      layout_basic, minmay_hexomino_u4
D:3:      layout_basic, hellmonk_ecumenical_altar_blasted,
          cheibrodos_sewer_entry_bend
D:4:      layout_gridville
D:5:      layout_loops_cross, nicolae_ossuary_entry_ruins

Skill      XL: |  1  2  3  4  5  6  7 |
---------------+----------------------+-----
Maces & Flails | 4 6 7 8 |  8.9
Fighting       | |  3.2
Armour         | |  2.1
Dodging        | |  1.5

Action                   |  1- 3 |  4- 6 |  7- 9 || total
-------------------------+-------+-------+-------++-------
Melee: Mace              |    95 |   196 |    54 ||   345
Invok: Berserk           |     2 |     3 |     2 ||     7
 Stab: Sleeping          |     1 |     1 |       ||     2
Armor: Animal skin       |    31 |    17 |       ||    48
       Leather armour    |       |    62 |    20 ||    82
Dodge: Dodged            |    76 |   104 |    31 ||   211

Table legend: (Time is in decaauts)
 A = Elapsed time spent in this place.
 B = Non-inter-level travel time spent in this place.
 C = Inter-level travel time spent in this place.
 D = Time resting spent in this place.
 E = Time spent auto-exploring this place.
 F = Levels seen in this place.
 G = Mean time per level.
                   A        B        C        D        E       F      G
               +--------+--------+--------+--------+--------+-----+--------+
         Total |   5395 |   5127 |    268 |    941 |   3369 |   5 | 1079.0 |
       Dungeon |   5395 |   5127 |    268 |    941 |   3369 |   5 | 1079.0 |
               +--------+--------+--------+--------+--------+-----+--------+

Top non-repeatable levels by time:
     D:1: 1661 daAuts
     D:2: 1326 daAuts
     D:4: 1110 daAuts
     D:3: 962 daAuts
     D:5: 334 daAuts
